AoeStats
← stinkepete2000

Nomad

510388089Analyzed
2v2 RM · 16h ago on Sep 30, 2026· 24m 45s· 4 players
Game mode
Random Map
Map size
176×176
Population
200
Speed
Normal
Resources
Standard
Victory
Conquest
Starting age
Dark Age
Ending age
Imperial Age
RankedLock teamsTeams togetherTeam positionsShared explorationLock speedFull tech treeHidden civsTurbo modeCheats
Victory
Defeat
🇩🇪 Persians · Germany
1281
+14
🇩🇪 Koreans · Germany
1280
+14
🇩🇪 Muisca · Germany
1259
-14
🇫🇷 Byzantines · France
1224
-14
executable
5:05 Loom
12:41 Feudal Age
12:55 Champi Runner
14:27 Wheelbarrow
18:44 Scale Mail Armor
Teiko
5:37 Loom
16:11 Feudal Age
16:57 Double-Bit Axe
24:25 Castle Age
25:21 Medium Warships
Puschel der Waschbär
5:51 Loom
13:54 Feudal Age
18:02 Castle Age
19:05 Forging
stinkepete2000
5:11 Loom
14:24 Feudal Age
14:51 Double-Bit Axe
22:06 Fishing Lines
25:19 Castle Age
23:15 Fletching
Connection lost

Rejoining the realm…

Still unreachable

The connection could not be restored.

Session expired

The server has moved on; the page needs a fresh start.